| 
	| TOP OF THE 1ST | 
|---|
 
		| Missoula Osprey batting - Pitching for Billings Mustangs : RHP Gil Villanueva |  
		| Pitching: RHP Gil Villanueva |  |  
		| Batting: SHB Roger Holmes | 0-0: Called Strike 0-1: Ground out 5-3 (Groundball, 5, EV 80.6 MPH)
 |  
		| Batting: RHB Ernesto Zamora | 0-0: Called Strike 0-1: Foul Ball, location: 2F
 0-2: Ground out 6-3 (Groundball, 6, EV 105.6 MPH)
 |  
		| Batting: SHB Evan Armagost | 0-0: Called Strike 0-1: Swinging Strike
 0-2: Ball
 1-2: Ball
 2-2: Ball
 3-2: Foul Ball, location: 2F
 3-2: Base on Balls
 |  
		| Batting: SHB Blaine Peters | 0-0: Called Strike Evan Armagost is caught stealing 2nd base 2-6
 |  
		| Top of the 1st over - 0 runs, 0 hits, 0 errors, 0 left on base; Missoula 0 - Billings 0 |  
	| BOTTOM OF THE 1ST | 
|---|
 
		| Billings Mustangs batting - Pitching for Missoula Osprey : RHP Alex Andrade |  
		| Pitching: RHP Alex Andrade |  |  
		| Batting: RHB Cyd Carver | 0-0: Swinging Strike 0-1: Ground out 6-3 (Groundball, 6, EV 106.9 MPH)
 |  
		| Batting: LHB David Moore | 0-0: Foul Ball, location: 2F 0-1: Ball
 1-1: Swinging Strike
 1-2: Ball
 2-2: Foul Ball, location: 2F
 2-2: Foul Ball, location: 2F
 2-2: Foul Ball, location: 2F
 2-2: Ball
 3-2: Foul Ball, location: 2F
 3-2: Foul Ball, location: 2F
 3-2: Base on Balls
 |  
		| Batting: LHB Matthew Berry | 0-0: Ball 1-0: Foul Ball, location: 2F
 1-1: SINGLE  (Groundball, 34D, EV 101.9 MPH)
 David Moore to second
 Runner from 2nd tries for 3rd, SAFE, throw by RF made to third
 |  
		| Batting: RHB David Clough | 0-0: Foul Ball, location: 2F 0-1: Foul Ball, location: 2F
 0-2: Ball
 1-2: Foul Ball, location: 2F
 1-2: Ball
 2-2: Ball
 3-2: Foul Ball, location: 2F
 3-2: Foul Ball, location: 2F
 3-2: Foul Ball, location: 2F
 3-2: SINGLE  (Groundball, 56D, EV 96.2 MPH)
 David Moore scores
 Matthew Berry to second
 |  
		| Batting: RHB Hector Maldonado | 0-0:  Fly out, F7  (Flyball, 7, EV 90.6 MPH) |  
		| Batting: LHB Jon Goddard | 0-0: Ball 1-0: Foul Ball, location: 2F
 1-1: Ground out U3 (Groundball, 34, EV 87.5 MPH)
 |  
		| Bottom of the 1st over - 1 run, 2 hits, 0 errors, 2 left on base; Missoula 0 - Billings 1 |  
	| TOP OF THE 2ND | 
|---|
 
		| Missoula Osprey batting - Pitching for Billings Mustangs : RHP Gil Villanueva |  
		| Batting: SHB Blaine Peters | 0-0: Called Strike 0-1: Called Strike
 0-2: Ball
 1-2: Ball
 2-2: Ball
 3-2: Base on Balls
 |  
		| Batting: LHB Enrique Ponce | 0-0: Called Strike Blaine Peters steals 2nd base
 0-1: Ball
 1-1: Ball
 2-1: Ball
 3-1: Base on Balls
 |  
		| Batting: RHB Antonio Luisa | 0-0: Called Strike 0-1: Ball
 1-1: SINGLE  (Groundball, 34D, EV 104.4 MPH)
 Blaine Peters to third
 Enrique Ponce to second
 Runner from 3rd tries for Home, SAFE, throw by RF to home
 |  
		| Batting: SHB Lee Dillon | 0-0: Ball 1-0: Swinging Strike
 1-1: Ball
 2-1: Ground out 6-3 (Groundball, 56, EV 110.0 MPH)
 Enrique Ponce to third
 Antonio Luisa to second
 |  
		| Batting: LHB Tae-geun Kwang | 0-0: Ball 1-0: Ball
 2-0: Ball
 3-0: Called Strike
 3-1: Foul Ball, location: 2F
 3-2: Foul Ball, location: 2F
 3-2: SINGLE  (Line Drive, 9S, EV 93.8 MPH)
 Enrique Ponce scores
 Antonio Luisa to third
 |  
		| Batting: RHB Zach Espinosa | 0-0: Ball 1-0: Called Strike
 1-1: Ball
 2-1: Foul Ball, location: 2F
 2-2: Strikes out swinging
 |  
		| Batting: SHB Roger Holmes | 0-0: Ball 1-0: Foul Ball, location: 2F
 1-1: Ball
 2-1: Ground out 4-3 (Groundball, 4, EV 102.5 MPH)
 |  
		| Top of the 2nd over - 2 runs, 2 hits, 0 errors, 2 left on base; Missoula 2 - Billings 1 |  
	| BOTTOM OF THE 2ND | 
|---|
 
		| Billings Mustangs batting - Pitching for Missoula Osprey : RHP Alex Andrade |  
		| Batting: RHB Jay Jacobson | 0-0: Foul Ball, location: 2F 0-1: Foul Ball, location: 2F
 0-2: Ball
 1-2: Ground out 3-1 (Groundball, 34S, EV 86.2 MPH)
 |  
		| Batting: RHB Jonathan Robies | 0-0: Ball 1-0: Called Strike
 1-1:  Fly out, F9  (Flyball, 9D, EV 82.5 MPH)
 |  
		| Batting: RHB Yutaka Sato | 0-0: Ball 1-0: Called Strike
 1-1: SINGLE  (Flyball, 4D, EV 90.0 MPH)
 |  
		| Batting: RHB Cyd Carver | 0-0: Ball Wild Pitch!
 Yutaka Sato to second
 1-0: Ball
 2-0: Foul Ball, location: 2F
 2-1: Ball
 3-1: Foul Ball, location: 2F
 3-2: TRIPLE  (Line Drive, 9D, EV 113.1 MPH)
 Yutaka Sato scores
 |  
		| Batting: LHB David Moore | 0-0: Ball 1-0: Ball
 2-0: Ball
 3-0: Called Strike
 3-1: Foul Ball, location: 2F
 3-2: Foul Ball, location: 2F
 3-2: Foul Ball, location: 2F
 3-2: Base on Balls
 |  
		| Batting: LHB Matthew Berry | 0-0: Ball 1-0: Called Strike
 1-1: Ball
 2-1: Foul Ball, location: 2F
 2-2: Ball
 3-2: Base on Balls
 David Moore to second
 |  
		| Batting: RHB David Clough | 0-0: Ball 1-0: Foul Ball, location: 2F
 1-1: Called Strike
 1-2: Foul Ball, location: 2F
 1-2:  Fly out, F9  (Line Drive, 9D, EV 96.9 MPH)
 |  
		| Bottom of the 2nd over - 1 run, 2 hits, 0 errors, 3 left on base; Missoula 2 - Billings 2 |  
	| TOP OF THE 3RD | 
|---|
 
		| Missoula Osprey batting - Pitching for Billings Mustangs : RHP Gil Villanueva |  
		| Batting: RHB Ernesto Zamora | 0-0: Ball 1-0: Called Strike
 1-1: Swinging Strike
 1-2: Ground out 6-3 (Groundball, 6, EV 86.2 MPH)
 |  
		| Batting: SHB Evan Armagost | 0-0: Swinging Strike 0-1: Called Strike
 0-2: Ball
 1-2: Foul Ball, location: 2F
 1-2: Foul Ball, location: 2F
 1-2: Ball
 2-2: Ball
 3-2: Base on Balls
 |  
		| Batting: SHB Blaine Peters | 0-0: Called Strike 0-1: Ball
 1-1: SINGLE  (Groundball, 3D, EV 94.4 MPH)
 Evan Armagost to second
 Runner from 2nd tries for 3rd, SAFE, throw by RF made to third
 Blaine Peters to second
 |  
		| Batting: LHB Enrique Ponce | 0-0: Ball 1-0: Ball
 2-0: Ball
 3-0: Called Strike
 3-1: Base on Balls
 |  
		| Batting: RHB Antonio Luisa | 0-0: Called Strike 0-1: Called Strike
 0-2: Foul Ball, location: 2F
 0-2:  Fly out, F4  (Popup, 23, EV 85.0 MPH)
 |  
		| Batting: SHB Lee Dillon | 0-0: Foul Ball, location: 2F 0-1: Called Strike
 0-2: Ball
 1-2: Ball
 2-2: Foul Ball, location: 2F
 2-2: Ball
 3-2: Ground out 4-3 (Groundball, 4, EV 83.1 MPH)
 |  
		| Top of the 3rd over - 0 runs, 1 hit, 0 errors, 3 left on base; Missoula 2 - Billings 2 |  
	| BOTTOM OF THE 3RD | 
|---|
 
		| Billings Mustangs batting - Pitching for Missoula Osprey : RHP Alex Andrade |  
		| Batting: RHB Hector Maldonado | 0-0: Ball 1-0: Foul Ball, location: 2F
 1-1: Ground out 6-3 (Groundball, 56, EV 101.2 MPH)
 |  
		| Batting: LHB Jon Goddard | 0-0: Called Strike 0-1: Called Strike
 0-2: Ball
 1-2: SINGLE  (Groundball, 34D, EV 110.0 MPH)
 |  
		| Batting: RHB Jay Jacobson | 0-0: Swinging Strike 0-1: Foul Ball, location: 2F
 0-2: Fielders Choice at 2nd, 6-4 (Groundball, 6, EV 87.5 MPH)
 |  
		| Batting: RHB Jonathan Robies | 0-0: Ball 1-0: Foul Ball, location: 2F
 1-1: Foul Ball, location: 2F
 1-2: Foul Ball, location: 2F
 1-2: Ball
 2-2: Foul Ball, location: 2F
 2-2: Ball
 3-2: Foul Ball, location: 2F
 3-2: Foul Ball, location: 2F
 3-2: Foul Ball, location: 2F
 3-2: Foul Ball, location: 2F
 3-2: Base on Balls
 Jay Jacobson to second
 |  
		| Batting: RHB Yutaka Sato | 0-0: Ball 1-0:  Fly out, F8  (Flyball, 89M, EV 95.0 MPH)
 |  
		| Bottom of the 3rd over - 0 runs, 1 hit, 0 errors, 2 left on base; Missoula 2 - Billings 2 |  
	| TOP OF THE 4TH | 
|---|
 
		| Missoula Osprey batting - Pitching for Billings Mustangs : RHP Gil Villanueva |  
		| Batting: LHB Tae-geun Kwang | 0-0: Ground out 4-3 (Groundball, 4, EV 98.1 MPH) |  
		| Batting: RHB Zach Espinosa | 0-0: Ball 1-0: Ball
 2-0: Called Strike
 2-1: Ground out U3 (Groundball, 3, EV 100.0 MPH)
 |  
		| Batting: SHB Roger Holmes | 0-0: Ball 1-0: Foul Ball, location: 2F
 1-1: Ball
 2-1: Foul Ball, location: 2F
 2-2:  Fly out, F8  (Flyball, 8RM, EV 85.6 MPH)
 |  
		| Top of the 4th over - 0 runs, 0 hits, 0 errors, 0 left on base; Missoula 2 - Billings 2 |  
	| BOTTOM OF THE 4TH | 
|---|
 
		| Billings Mustangs batting - Pitching for Missoula Osprey : RHP Alex Andrade |  
		| Pitching: RHP John Petersen |  |  
		| Batting: RHB Cyd Carver | 0-0: Ball 1-0: Ball
 2-0: Ball
 3-0: Called Strike
 3-1: TRIPLE  (Flyball, 8LXD, EV 94.4 MPH)
 |  
		| Batting: LHB David Moore | 0-0: Ball Balk!
 Cyd Carver scores
 1-0: Ball
 2-0: Called Strike
 2-1: Foul Ball, location: 2F
 2-2: Strikes out swinging
 |  
		| Batting: LHB Matthew Berry | 0-0: Foul Ball, location: 2F 0-1: Ball
 1-1: Foul Ball, location: 2F
 1-2: Ball
 2-2: Foul Ball, location: 2F
 2-2: Foul Ball, location: 2F
 2-2: Ground out 4-3 (Groundball, 4MS, EV 88.1 MPH)
 |  
		| Batting: RHB David Clough | 0-0: Ball 1-0: Ground out 4-3 (Groundball, 4S, EV 91.2 MPH)
 |  
		| Bottom of the 4th over - 1 run, 1 hit, 0 errors, 0 left on base; Missoula 2 - Billings 3 |  
	| TOP OF THE 5TH | 
|---|
 
		| Missoula Osprey batting - Pitching for Billings Mustangs : RHP Gil Villanueva |  
		| Batting: RHB Ernesto Zamora | 0-0: Called Strike 0-1: Foul Ball, location: 2F
 0-2: Ball
 1-2: DOUBLE  (Line Drive, 78XD, EV 107.5 MPH)
 |  
		| Batting: SHB Evan Armagost | 0-0: Called Strike 0-1: Called Strike
 0-2: Ground out 4-3 (Groundball, 34D, EV 104.4 MPH)
 Ernesto Zamora to third
 |  
		| Batting: SHB Blaine Peters | 0-0: SINGLE  (Line Drive, 89M, EV 95.0 MPH) Ernesto Zamora scores
 |  
		| Batting: LHB Enrique Ponce | 0-0: Ball 1-0: Foul Ball, location: 2F
 1-1: Foul Ball, location: 2F
 1-2: Foul Ball, location: 2F
 1-2: Ball
 2-2: Strikes out swinging
 |  
		| Batting: RHB Antonio Luisa | 0-0: Ball Blaine Peters steals 2nd base
 1-0: Foul Ball, location: 2F
 1-1: Ball
 2-1: Foul Ball, location: 2F
 2-2: Hit by Pitch
 |  
		| Batting: SHB Lee Dillon | 0-0: Ball 1-0: Foul Ball, location: 2F
 1-1: Ball
 2-1: Ball
 3-1: Base on Balls
 Blaine Peters to third
 Antonio Luisa to second
 |  
		| Batting: LHB Tae-geun Kwang | 0-0: Ball 1-0: Ball
 2-0:  Fly out, F5  (Popup, 25F, EV 76.2 MPH)
 |  
		| Top of the 5th over - 1 run, 2 hits, 0 errors, 3 left on base; Missoula 3 - Billings 3 |  
	| BOTTOM OF THE 5TH | 
|---|
 
		| Billings Mustangs batting - Pitching for Missoula Osprey : RHP John Petersen |  
		| Batting: RHB Hector Maldonado | 0-0: Foul Ball, location: 2F 0-1: Foul Ball, location: 2F
 0-2: SINGLE  (Groundball, 6S, EV 69.4 MPH) (infield hit)
 |  
		| Batting: LHB Jon Goddard | 0-0: Ball 1-0: Foul Ball, location: 2F
 1-1: Ball
 2-1: Fielders Choice at 2nd, 5-4 (Groundball, 56, EV 100.0 MPH)
 |  
		| Batting: RHB Jay Jacobson | 0-0: Called Strike 0-1: Ball
 1-1: Called Strike
 1-2: Hit by Pitch
 Jon Goddard to second
 |  
		| Pitching: RHP Jason Hammons |  |  
		| Batting: RHB Jonathan Robies | 0-0: Fielders Choice at 2nd, 3-6 (Groundball, 34, EV 89.4 MPH) Jon Goddard to third
 |  
		| Batting: RHB Yutaka Sato | 0-0: SINGLE  (Line Drive, 56D, EV 108.1 MPH) Jon Goddard scores
 Jonathan Robies to second
 |  
		| Batting: RHB Cyd Carver | 0-0: Ball 1-0: Ball
 2-0: Called Strike
 2-1: Ball
 3-1:  Fly out, F9  (Flyball, 9S, EV 80.6 MPH)
 |  
		| Bottom of the 5th over - 1 run, 2 hits, 0 errors, 2 left on base; Missoula 3 - Billings 4 |  
	| TOP OF THE 6TH | 
|---|
 
		| Missoula Osprey batting - Pitching for Billings Mustangs : RHP Gil Villanueva |  
		| Pitching: LHP Paul Fuller |  |  
		| Batting: RHB Zach Espinosa | 0-0: Called Strike 0-1: Swinging Strike
 0-2: Ball
 1-2: Ball
 2-2: Strikes out swinging
 |  
		| Batting: SHB Roger Holmes | 0-0: Foul Ball, location: 2F 0-1: Ball
 1-1: Called Strike
 1-2: Ground out 5-3 (Groundball, 5L, EV 83.1 MPH)
 |  
		| Batting: RHB Ernesto Zamora | 0-0: Ball 1-0: Called Strike
 1-1: Ball
 2-1: Hit by Pitch
 |  
		| Batting: SHB Evan Armagost | 0-0: Ball Ernesto Zamora is caught stealing 2nd base 2-4
 |  
		| Top of the 6th over - 0 runs, 0 hits, 0 errors, 0 left on base; Missoula 3 - Billings 4 |  
	| BOTTOM OF THE 6TH | 
|---|
 
		| Billings Mustangs batting - Pitching for Missoula Osprey : RHP Jason Hammons |  
		| Batting: LHB David Moore | 0-0: Foul Ball, location: 2F 0-1: Ground out 1-3 (Groundball, P, EV 69.4 MPH)
 |  
		| Batting: LHB Matthew Berry | 0-0: Called Strike 0-1: Ball
 1-1: Ball
 2-1: Foul Ball, location: 2F
 2-2:  Fly out, F8  (Flyball, 8RXD, EV 87.5 MPH)
 |  
		| Batting: RHB David Clough | 0-0: Called Strike 0-1: Ball
 1-1: Ball
 2-1: Foul Ball, location: 2F
 2-2: Strikes out swinging
 |  
		| Bottom of the 6th over - 0 runs, 0 hits, 0 errors, 0 left on base; Missoula 3 - Billings 4 |  
	| TOP OF THE 7TH | 
|---|
 
		| Missoula Osprey batting - Pitching for Billings Mustangs : LHP Paul Fuller |  
		| Pitching: RHP Vladislav Prochazka |  |  
		| Batting: SHB Evan Armagost | 0-0: Foul Ball, location: 2F 0-1: Ball
 1-1: Foul Ball, location: 2F
 1-2: Foul Ball, location: 2F
 1-2: Ball
 2-2:  Fly out, F7  (Flyball, 7D, EV 79.4 MPH)
 |  
		| Batting: SHB Blaine Peters | 0-0: Ball 1-0: Ball
 2-0: Called Strike
 2-1: Called Strike
 2-2: Foul Ball, location: 2F
 2-2: DOUBLE  (Line Drive, 78D, EV 103.1 MPH)
 |  
		| Batting: LHB Enrique Ponce | 0-0: Ball 1-0: Ball
 2-0: Called Strike
 2-1:  Fly out, F4  (Flyball, 34D, EV 91.2 MPH)
 |  
		| Batting: RHB Antonio Luisa | 0-0:  Fly out, F8  (Flyball, 8LS, EV 90.0 MPH) |  
		| Top of the 7th over - 0 runs, 1 hit, 0 errors, 1 left on base; Missoula 3 - Billings 4 |  
	| BOTTOM OF THE 7TH | 
|---|
 
		| Billings Mustangs batting - Pitching for Missoula Osprey : RHP Jason Hammons |  
		| Pitching: RHP Tom Alatas |  |  
		| Batting: RHB Hector Maldonado | 0-0: Ball 1-0: Swinging Strike
 1-1: Ball
 2-1: Foul Ball, location: 2F
 2-2: Strikes out swinging
 |  
		| Batting: LHB Jon Goddard | 0-0: Ball 1-0: Ball
 2-0: Foul Ball, location: 2F
 2-1: Called Strike
 2-2: SINGLE  (Groundball, 3D, EV 100.6 MPH)
 |  
		| Batting: RHB Jay Jacobson | 0-0: Ball 1-0: Foul Ball, location: 2F
 1-1: Ball
 2-1: Foul Ball, location: 2F
 2-2: Foul Ball, location: 2F
 2-2: Ball
 3-2: Base on Balls
 Jon Goddard to second
 |  
		| Batting: RHB Jonathan Robies | 0-0: Swinging Strike 0-1: Ball
 1-1: Foul Ball, location: 2F
 1-2: Foul Ball, location: 2F
 1-2: Strikes out looking and he physically ARGUES THE CALL AND IS TOSSED!
 |  
		| Batting: RHB Yutaka Sato | 0-0: Called Strike 0-1: Fielders Choice at 2nd, 6-4 (Groundball, 6, EV 85.0 MPH)
 |  
		| Bottom of the 7th over - 0 runs, 1 hit, 0 errors, 2 left on base; Missoula 3 - Billings 4 |  
	| TOP OF THE 8TH | 
|---|
 
		| Missoula Osprey batting - Pitching for Billings Mustangs : RHP Vladislav Prochazka |  
		| Pitching: RHP George Sanchez |  |  
		| Now at C: William Matthews |  |  
		| Batting: SHB Lee Dillon | 0-0: Ball 1-0: Called Strike
 1-1: Ball
 2-1: Foul Ball, location: 2F
 2-2: Strikes out swinging
 |  
		| Batting: LHB Tae-geun Kwang | 0-0: Called Strike 0-1: Swinging Strike
 0-2: Ball
 1-2: Strikes out swinging
 |  
		| Batting: RHB Zach Espinosa | 0-0: Foul Ball, location: 2F 0-1: Foul Ball, location: 2F
 0-2: Ground out 4-3 (Groundball, 4, EV 108.1 MPH)
 |  
		| Top of the 8th over - 0 runs, 0 hits, 0 errors, 0 left on base; Missoula 3 - Billings 4 |  
	| BOTTOM OF THE 8TH | 
|---|
 
		| Billings Mustangs batting - Pitching for Missoula Osprey : RHP Tom Alatas |  
		| Batting: RHB Cyd Carver | 0-0: Ball 1-0: Ball
 2-0: Foul Ball, location: 2F
 2-1: Swinging Strike
 2-2:  Fly out, F7  (Line Drive, 7, EV 93.8 MPH)
 |  
		| Batting: LHB David Moore | 0-0: Called Strike 0-1: Ball
 1-1: Foul Ball, location: 2F
 1-2: Ball
 2-2: Ball
 3-2: SINGLE  (Groundball, 3D, EV 95.0 MPH)
 |  
		| Batting: LHB Matthew Berry | 0-0: Foul Ball, location: 2F 0-1:  2-RUN HOME RUN  (Flyball, 89XD, EV 108.1 MPH), Distance : 423 ft
 |  
		| Batting: RHB David Clough | 0-0: Ball 1-0: Ball
 2-0: Ball
 3-0: Called Strike
 3-1: Foul Ball, location: 2F
 3-2: Base on Balls
 |  
		| Pitching: RHP Jaden Peterson |  |  
		| Batting: RHB Hector Maldonado | 0-0: Ball 1-0: Ball
 2-0: Ball
 3-0: Called Strike
 3-1: Foul Ball, location: 2F
 3-2: Foul Ball, location: 2F
 3-2: Grounds into double play, 6-4-3 (Groundball, 6, EV 82.5 MPH)
 |  
		| Bottom of the 8th over - 2 runs, 2 hits, 0 errors, 0 left on base; Missoula 3 - Billings 6 |  
	| TOP OF THE 9TH | 
|---|
 
		| Missoula Osprey batting - Pitching for Billings Mustangs : RHP George Sanchez |  
		| Batting: SHB Roger Holmes | 0-0: Foul Ball, location: 2F 0-1: Swinging Strike
 0-2: Ball
 1-2: Ground out 6-3 (Groundball, 6M, EV 88.1 MPH)
 |  
		| Batting: RHB Ernesto Zamora | 0-0: Ball 1-0: Called Strike
 1-1: SINGLE  (Groundball, 25, EV 63.1 MPH) (infield hit)
 |  
		| Batting: SHB Evan Armagost | 0-0: Ball 1-0: Ball
 2-0: Ball
 3-0: Called Strike
 3-1: Fielders Choice at 2nd, 5-4 (Groundball, 56, EV 87.5 MPH)
 |  
		| Batting: SHB Blaine Peters | 0-0: DOUBLE  (Line Drive, 9LS, EV 113.1 MPH) Evan Armagost to third
 |  
		| Batting: LHB Enrique Ponce | 0-0: Ball 1-0: Called Strike
 1-1: Swinging Strike
 1-2: Foul Ball, location: 2F
 1-2: Foul Ball, location: 2F
 1-2: Foul Ball, location: 2F
 1-2: Ball
 2-2: Foul Ball, location: 2F
 2-2: Ball
 3-2: Strikes out swinging
 |  
		| Top of the 9th over - 0 runs, 2 hits, 0 errors, 2 left on base; Missoula 3 - Billings 6 |  |